 Dungeon Crawl Stone Soup version 0.20-a0-350-ga83eecc (console) character file.

241 nht the Ruffian (level 5, -13/46 HPs)
             Began as a Troll Transmuter on Dec 23, 2016.
             Was an Initiate of Qazlal.
             Mangled by an ogre
             ... wielding a +0 giant spiked club
              (24 damage)
             ... on level 4 of the Dungeon.
             The game lasted 00:04:23 (1944 turns).

nht the Ruffian (Troll Transmuter)                  Turns: 1944, Time: 00:04:24

Health: -13/46     AC:  5    Str: 18    XL:     5   Next: 80%
Magic:  5/5        EV: 10    Int: 10    God:    Qazlal [......]
Gold:   111        SH:  0    Dex: 10    Spells: 5/6 levels left

rFire  . . .     SeeInvis .       - Unarmed
rCold  . . .     Gourm    +     b - +0 robe
rNeg   . . .     Faith    .     (no shield)
rPois  .         Spirit   .     (helmet restricted)
rElec  .         Reflect  .     (no cloak)
rCorr  .         Harm     .     (gloves unavailable)
MR     .....                    (boots unavailable)
Stlth  +.........               (no amulet)
                                (no ring)
                                (no ring)

@: no status effects
A: unfitting armour, claws 3, fast metabolism 3, gourmand, regeneration 1,
shaggy fur 1, tough skin 2
a: Renounce Religion


You were on level 4 of the Dungeon.
You worshipped Qazlal.
Qazlal was noncommittal.
You were completely stuffed.

You visited 1 branch of the dungeon, and saw 4 of its levels.

You collected 111 gold pieces.

Inventory:

Missiles
 a - 39 arrows
Armour
 b - a +0 robe (worn)
 l - a +0 large shield
Jewellery
 q - a cursed amulet of inaccuracy {unknown}
 r - a cursed amulet of inaccuracy {unknown}
Scrolls
 i - 2 scrolls of identify {unknown}
 j - 3 scrolls of remove curse {unknown}
 k - a scroll of teleportation {unknown}
 n - 3 scrolls of enchant weapon {unknown}
 o - a scroll of recharging {unknown}
 p - a scroll of fear {unknown}
 s - a scroll of amnesia {unknown}
 w - a scroll of fog {unknown}
Potions
 e - a potion of flight {unknown}
 f - 2 potions of brilliance {unknown}
 m - a potion of might {unknown}
 t - a potion of curing {unknown}
 v - a potion of agility {unknown}
 x - a potion of lignification {unknown}
Books
 c - a book of Changes

   Spells                             Type                      Level
   a - Beastly Appendage              Transmutation                1
   b - Sticks to Snakes               Transmutation                2
   c - Spider Form                    Transmutation/Poison         3
   d - Ice Form                       Ice/Transmutation            4
   e - Blade Hands                    Transmutation                5
Comestibles
 d - 3 bread rations
 g - a meat ration
 h - a beef jerky
 u - a chunk of flesh


   Skills:
 - Level 0.7 Fighting
 - Level 1.5 Dodging
 + Level 6.6 Unarmed Combat
 - Level 1.2 Spellcasting
 - Level 1.3 Transmutations


You had 5 spell levels left.
You knew the following spells:

 Your Spells              Type           Power        Failure   Level  Hunger
a - Beastly Appendage     Tmut           #.....       21%         1    ##.....


Dungeon Overview and Level Annotations

Branches:
Dungeon (4/15)
 Temple: D:4-7

Altars:
Dithmenos
Fedhas
Gozag
Qazlal
Sif Muna
Xom
The Shining One


Innate Abilities, Weirdness & Mutations

You are too large for most types of armour.
You have claws for hands.
Your metabolism is lightning-fast.
You like to eat raw meat.
Your natural rate of healing is unusually fast.
You are covered in fur. (AC +1)
You have very tough skin. (AC +2)


Message History

Okay, then.
You scratch the ogre.
The ogre is lightly wounded.
The ogre hits you with a giant spiked club!
You claw the ogre!
The ogre is severely wounded.
You barely miss the ogre.
The ogre is severely wounded.
The ogre hits you with a giant spiked club!
* * * LOW HITPOINT WARNING * * *
You barely miss the ogre.
The ogre is severely wounded.
The ogre closely misses you.
You barely miss the ogre.
The ogre is severely wounded.
You scratch the ogre.
The ogre is severely wounded.
The ogre hits you with a giant spiked club!!
Ouch! That really hurt!
You die...

█...............<█
█................█
█..............███
██........█.████
██████████...█
██..█....█
██..█████..█
██████.O██ ██
........@██
........<.██
...........██
............██
.............█
..............█
...............█
█..............█
██.............█


You could see an ogre.

Vanquished Creatures
  A quasit (D:4)
  Natasha (thrice) (D:2)
  Terence (D:2)
  Robin (D:3)
  2 adders
  A worm (D:3)
  3 dart slugs
  A leopard gecko (D:2)
  4 orcs (D:3)
  3 giant cockroaches
  14 goblins
  7 hobgoblins
  4 jackals (D:2)
  5 bats (D:1)
  2 frilled lizards (D:1)
  7 kobolds
  10 rats
69 creatures vanquished.

Notes
Turn   | Place    | Note
-------+----------+-------------------------------------------
     0 | D:1      | nht the Troll Transmuter began the quest for the Orb.
     0 | D:1      | Reached XP level 1. HP: 18/18 MP: 1/1
   127 | D:1      | Reached XP level 2. HP: 22/26 MP: 2/2
   339 | D:1      | Reached skill level 4 in Unarmed Combat
   480 | D:2      | Noticed Natasha
   483 | D:2      | Killed Natasha
   483 | D:2      | Reached XP level 3. HP: 31/32 MP: 3/3
   528 | D:2      | Found a glowing golden altar of the Shining One.
   528 | D:2      | Found a deep blue altar of Sif Muna.
   528 | D:2      | Found a shadowy altar of Dithmenos.
   529 | D:2      | Found an opulent altar of Gozag.
   547 | D:2      | Noticed Terence
   553 | D:2      | Killed Terence
   553 | D:2      | Reached skill level 5 in Unarmed Combat
   553 | D:2      | Reached XP level 4. HP: 31/40 MP: 4/4
   563 | D:2      | Noticed Natasha
   568 | D:2      | Killed Natasha
   584 | D:2      | Noticed Natasha
   588 | D:2      | Killed Natasha
   615 | D:2      | Reached XP level 5. HP: 39/46 MP: 5/5
   858 | D:2      | Found a shimmering altar of Xom.
   872 | D:2      | Found a shimmering altar of Xom.
   915 | D:2      | Found a blossoming altar of Fedhas.
   974 | D:2      | You fall through a shaft!
  1089 | D:3      | Noticed Robin
  1106 | D:3      | Reached skill level 6 in Unarmed Combat
  1114 | D:3      | Killed Robin
  1505 | D:3      | Noticed an air elemental
  1507 | D:3      | Found a stormy altar of Qazlal.
  1510 | D:3      | Noticed a water elemental
  1510 | D:3      | Noticed a fire elemental
  1643 | D:3      | Became a worshipper of Qazlal Stormbringer
  1900 | D:4      | Noticed an ogre
  1944 | D:4      | Mangled by an ogre

Vault maps used:
D:1:      saegor_arrival_simple_c, grunt_decor_one_mirror
D:2:      lemuel_crystal_altar, xom_redecorated,
          chequers_temple_overflow_statue_of_worship, uniq_terence, uniq_natasha
D:3:      hangedman_decor_opposing, nicolae_qazlal_style_of_elements, uniq_robin
D:4:      uniq_edmund

Skill      XL: |  1  2  3  4  5 |
---------------+----------------+-----
Unarmed Combat | 4 5 6 |  6.6
Fighting       | |  0.7
Dodging        | |  1.5
Spellcasting   | |  1.2
Transmutations | |  1.3

Action                   |  1- 3 |  4- 6 || total
-------------------------+-------+-------++-------
Melee: Unarmed           |    80 |    93 ||   173
       Punch             |       |     1 ||     1
 Stab: Sleeping          |     3 |       ||     3
  Eat: Chunk             |     6 |    17 ||    23
Armor: Robe              |    35 |    32 ||    67
Dodge: Dodged            |    45 |    30 ||    75
